 Dungeon Crawl Stone Soup version 0.27-a0-385-g3208abaabc (webtiles) character file.

Game seed: 14705549944033041894

289 dickylongcocking the Cutter (level 6, -1/47 HPs)
             Began as a Barachi Abyssal Knight on Feb 20, 2021.
             Was a Believer of Lugonu.
             Slain by a lemure (5 damage)
             ... led by Pikel
             ... on level 4 of the Dungeon.
             The game lasted 00:03:09 (4267 turns).

dickylongcocking the Cutter (BaAK)                  Turns: 4267, Time: 00:03:09

Health: -1/47      AC:  5    Str: 14 (15) XL:     6   Next: 31%
Magic:  7/7        EV: 10    Int: 11 (13) God:    Lugonu [**....]
Gold:   162        SH:  0    Dex: 10 (11) Spells: 5/5 levels left

rFire    . . .     SeeInvis .   h - +2 dagger (drain)
rCold    + . .     Faith    .   (no shield)
rNeg     . . .     Spirit   .   l - +0 ring mail
rPois    .         Reflect  .   (no helmet)
rElec    .         Harm     .   (no cloak)
rCorr    .         Rampage  .   (no gloves)
Will     .....                  (no boots)
Stlth    ..........             (no amulet)
HPRegen  0.15/turn              (no ring)
MPRegen  0.10/turn              (no ring)

@: about to teleport, can't hop, slow
A: +LOS, swims, cold resistance 1, slowness 1, evolution 1, strong legs 1
a: Hop, Renounce Religion, Depart the Abyss, Bend Space


You were on level 4 of the Dungeon.
You worshipped Lugonu.
Lugonu was pleased with you.
You visited 1 branch of the dungeon, and saw 4 of its levels.
You visited the Abyss 1 time.

You collected 162 gold pieces.

Inventory:

Hand Weapons
 a - a +1 falchion
 h - a +2 dagger of draining (weapon)
 k - a +0 long sword
Armour
 b - a +0 leather armour
 l - a +0 ring mail (worn)
Scrolls
 d - 4 scrolls of teleportation
 f - 5 scrolls of identify
Potions
 g - a potion of degeneration
 j - a potion of brilliance


   Skills:
 - Level 3.6 Fighting
 * Level 5.6(6.2) Short Blades
 - Level 4.4(6.0) Long Blades
 - Level 2.4 Armour
 - Level 1.1 Dodging
 - Level 1.5 Invocations


You had 5 spell levels left.
You didn't know any spells.
Your spell library contained the following spells:

 Spells                   Type           Power        Failure   Level
 Corona                   Hex            0%           56%         1


Dungeon Overview and Level Annotations

Branches:
Dungeon (4/15)
 Temple: D:4-7

Altars:
Cheibriados
Fedhas
Sif Muna
Uskayaw

Annotations:
D:4 Pikel


Innate Abilities, Weirdness & Mutations

You can be seen from farther away. (+LOS)
You can swim through water.
You cover ground slowly.
You can hop short distances.
Your flesh is cold resistant. (rC+)
You evolve.


Message History

* * * LOW HITPOINT WARNING * * *
Unknown command.
Press: ? - help, v - describe, . - travel
Here: Pikel, wielding a +0 whip of freezing and wearing a +0 robe (heavily wounded, heavily drained)
The floor.
Pikel cracks his whip.
You aren't carrying any items that you can evoke.
Unknown command.
Hop to where?
Press: ? - help, Dir - move target Boing!
Unknown command.
Really read with blurry vision while enemies are nearby? [Y]es or [N]o only, please.
Really read with blurry vision while enemies are nearby?
Okay, then.
Really quaff the potion of mutation?
You feel extremely strange.
Your hooves expand and flesh out into feet!
Your vision sharpens.
You feel nature experimenting on you.
Don't worry, failures die fast.
You feel resistant to cold.
As you read the scroll labelled COTZORPHERGH, it crumbles to dust.
It is a scroll of identify.
i - a scroll of fear You aren't carrying any items that you can evoke.
Unknown command.
As you read the scroll of fear, it crumbles to dust.
You assume a fearsome visage.
Pikel looks frightened!
The lemure is unaffected. x2
As you read the scroll labelled GUEWIKHL REELOY, it crumbles to dust.
The creatures around you are filled with an inner flame!
It was a scroll of immolation.
As you read the scroll labelled ILA FYLIUH, it crumbles to dust.
It is a scroll of amnesia.
You feel forgetful for a moment.
As you read the scroll labelled UHOBLOC JIAKIPT, it crumbles to dust.
You feel strangely unstable.
It was a scroll of teleportation.
Unknown command.
The lemure hits you.
You die...

###### ....## #.#
##...## #.#
#####.....## #.#
........@..# #.#
#.#####..5.# #5. #..#5#
#.# #.##.# #5### #.##.#
#.5..
#.#####.##5##########.#
#.......##.5..5.5.5...#
####.#.#####........###
#.#.# #.######.#


You could see 2 lemures.

Vanquished Creatures
  A bullfrog (D:3)
  5 orc wizards
  3 adders
  4 leopard geckos
  8 orcs
  8 goblins
  5 hobgoblins
  2 jackals (D:2)
  7 kobolds
  2 quokkas (D:2)
  8 bats
  8 frilled lizards
  5 rats (D:2)
66 creatures vanquished.

Notes
Turn   | Place    | Note
-------+----------+-------------------------------------------
     0 | Abyss:1  | dickylongcocking the Barachi Abyssal Knight began the quest
                  | for the Orb.
     0 | Abyss:1  | Reached XP level 1. HP: 18/18 MP: 2/2
    93 | Abyss:1  | Noticed a ynoxinul
    96 | D:1      | Escaped the Abyss
   471 | D:1      | Reached * piety under Lugonu
   477 | D:1      | Reached XP level 2. HP: 11/24 MP: 3/3
   903 | D:2      | Reached XP level 3. HP: 20/29 MP: 4/4
  1172 | D:2      | Found a blossoming altar of Fedhas.
  1200 | D:2      | Found a snail-covered altar of Cheibriados.
  1786 | D:2      | Reached skill level 1 in Short Blades
  1922 | D:3      | Noticed a bullfrog
  1931 | D:3      | Killed a bullfrog
  1932 | D:3      | Reached skill level 3 in Short Blades
  1932 | D:3      | Reached XP level 4. HP: 13/36 MP: 5/5
  2145 | D:3      | Gained mutation: Scrolls take you a little longer to read.
                  | [potion of mutation]
  2145 | D:3      | Gained mutation: You are dopey. (Int -2) [potion of
                  | mutation]
  2145 | D:3      | Lost mutation: You are dopey. (Int -2) [potion of mutation]
  2145 | D:3      | Gained mutation: You have large cloven feet. [potion of
                  | mutation]
  2787 | D:3      | Reached XP level 5. HP: 5/34 MP: 6/6
  3139 | D:3      | Reached skill level 4 in Short Blades
  3163 | D:3      | Noticed a +0 hand axe
  3164 | D:3      | Found a hide-covered altar of Uskayaw.
  3165 | D:3      | Noticed a +0 hand axe
  3831 | D:3      | Found a shimmering blue altar of Sif Muna.
  3843 | D:3      | Reached skill level 5 in Short Blades
  3843 | D:3      | Reached XP level 6. HP: 47/47 MP: 7/7
  3854 | D:3      | Identified Sif Muna's Almanac of Hexes
  3976 | D:4      | Reached ** piety under Lugonu
  4222 | D:4      | Noticed Pikel
  4250 | D:4      | HP: 1/47 [lemure[Pikel] (6)]
  4255 | D:4      | Lost mutation: You have large cloven feet. [potion of
                  | mutation]
  4255 | D:4      | Lost mutation: Scrolls take you a little longer to read.
                  | [potion of mutation]
  4255 | D:4      | Gained mutation: You evolve. [potion of mutation]
  4255 | D:4      | Gained mutation: Your flesh is cold resistant. (rC+)
                  | [potion of mutation]
  4267 | D:4      | Slain by a lemure

Illustrated notes

Levels and vault maps discovered:
D:1:      onia_arrival_mini_spirals, layout_loops_ring
D:2:      layout_basic, cheibriados_altar_1, fedhas_altar_2
D:3:      layout_rooms, dancing_weapons_uskayaw, led_sif_book
D:4:      layout_loops_ring, old_standard_altar, lemuel_round_altar,
          fountainhead, uniq_pikel

Skill      XL: |  1  2  3  4  5 |
---------------+----------------+-----
Long Blades    | 3 4 |  4.4
Short Blades   | 3 5 |  5.6
Fighting       | |  3.6
Armour         | |  2.4
Dodging        | |  1.1
Invocations    | |  1.5

Action                   |  1- 3 |  4- 6 || total
-------------------------+-------+-------++-------
Melee: Falchion          |    52 |       ||    52
       Dagger            |    33 |   170 ||   203
       Kick              |       |    19 ||    19
Invok: Depart the Abyss  |     1 |       ||     1
 Abil: Hop               |       |     2 ||     2
  Use: Potion            |       |     5 ||     5
       Scroll            |       |     5 ||     5
Armor: Leather armour    |    17 |       ||    17
       Ring mail         |     2 |    43 ||    45
Dodge: Dodged            |    63 |    90 ||   153
       Rpst.: Falchion   |    15 |       ||    15

Table legend: (Time is in decaauts)
 A = Elapsed time spent in this place.
 B = Non-inter-level travel time spent in this place.
 C = Inter-level travel time spent in this place.
 D = Time resting spent in this place.
 E = Time spent auto-exploring this place.
 F = Levels seen in this place.
 G = Mean time per level.
                   A        B        C        D        E       F      G
               +--------+--------+--------+--------+--------+-----+--------+
         Total |   4619 |   4357 |    262 |    872 |   2948 |   5 |  923.8 |
       Dungeon |   4504 |   4242 |    262 |    872 |   2841 |   4 | 1126.0 |
         Abyss |    114 |    114 |      0 |      0 |    106 |   1 |  114.0 |
               +--------+--------+--------+--------+--------+-----+--------+

Top non-repeatable levels by time:
     D:2: 1904 daAuts
     D:3: 1532 daAuts
     D:1: 769 daAuts
     D:4: 297 daAuts
 Abyss:1: 114 daAuts
